 Dungeon Crawl Stone Soup version 0.23.1 (webtiles) character file.

Game seed: 0

655 Truthflux the Conjurer (level 7, -2/50 HPs)
             Began as a Red Draconian Conjurer on Mar 3, 2019.
             Was an Initiate of Vehumet.
             Slain by Duvessa
             ... wielding a +0 short sword
              (18 damage)
             ... on level 4 of the Dungeon.
             The game lasted 00:32:45 (5292 turns).

Truthflux the Conjurer (Red Draconian Conjurer)     Turns: 5292, Time: 00:32:45

Health: -2/50      AC:  9    Str: 10    XL:     7   Next: 29%
Magic:  0/13       EV: 13    Int: 18    God:    Vehumet [......]
Gold:   239        SH:  0    Dex: 11    Spells: 9/15 levels left

rFire    + . .     SeeInvis .   h - staff of summoning
rCold    . . .     Gourm    .   (no shield)
rNeg     . . .     Faith    .   (armour unavailable)
rPois    .         Spirit   .   (helmet restricted)
rElec    .         Reflect  .   (no cloak)
rCorr    .         Harm     .   m - +2 pair of gloves
MR       .....                  (no boots)
Stlth    +++.......             (no amulet)
HPRegen  0.16/turn              c - ring of stealth
MPRegen  0.13/turn              (no ring)

@: no status effects
A: breathe fire, unfitting armour, fire resistance 1, cold-blooded, AC +6
a: Breathe Fire, Renounce Religion


You were on level 4 of the Dungeon.
You worshipped Vehumet.
Vehumet was noncommittal.
You were not hungry.

You visited 2 branches of the dungeon, and saw 6 of its levels.

You collected 239 gold pieces.

Inventory:

Hand Weapons
 g - a +0 dagger
Armour
 m - a +2 pair of gloves (worn)
 p - a +0 pair of gloves
Magical Staves
 h - an uncursed staff of summoning (weapon)
 n - an uncursed staff of cold
Jewellery
 c - a ring of stealth (left hand)
Scrolls
 a - a scroll of random uselessness
 d - a scroll of teleportation
 e - 2 scrolls of enchant armour
 j - a scroll of remove curse {unknown}
 l - a scroll of blinking {unknown}
 q - a scroll of identify {unknown}
Potions
 i - a potion of resistance {unknown}
 o - 2 potions of berserk rage {unknown}
Comestibles
 b - 11 rations
 f - a chunk of flesh


   Skills:
 + Level 1.7 Staves
 + Level 3.4 Dodging
 + Level 2.2 Stealth
 * Level 4.6 Spellcasting
 + Level 6.4 Conjurations


You had 9 spell levels left.
You knew the following spells:

 Your Spells              Type           Power        Failure   Level  Hunger
a - Magic Dart            Conj           ####         1%          1    None
d - Dazzling Spray        Conj/Hex       ###...       11%         3    ###....
s - Searing Ray           Conj           ####..       1%          2    #......

Your spell library contained the following spells:

 Spells                   Type           Power        Failure   Level  Hunger
 Iskenderun's Mystic Bla  Conj           ####....     10%         4    ####...
 Force Lance              Conj/Tloc      ###.....     36%         4    ####...
 Fulminant Prism          Conj/Hex       ###.......   36%         4    ####...


Dungeon Overview and Level Annotations

Branches:
Dungeon (5/15)             Temple (1/1) D:4

Altars:
Ashenzari
Cheibriados
Dithmenos
Gozag
Nemelex Xobeh
Okawaru
Qazlal
Uskayaw
Vehumet
Wu Jian
Yredelemnul
The Shining One

Annotations:
D:3 Terence
D:4 Duvessa
D:5 Edmund, Ijyb, Pikel


Innate Abilities, Weirdness & Mutations

You can breathe blasts of fire.
Your fiery red scales are hard. (AC +6)
You cannot fit into any form of body armour.
Your flesh is heat resistant. (rF+)
You are cold-blooded and may be slowed by cold attacks.


Message History

Duvessa is severely wounded.
Duvessa completely misses you. Duvessa barely misses you.
Casting: Magic Dart (safe; 1% risk of failure)
Confirm with . or Enter, or press ? or * to list all spells.
Aiming: Magic Dart (safe; 1% risk of failure)
Press: ? - help, Shift-Dir - straight line, f/p - Duvessa
Aim: Duvessa, wielding a +0 short sword and wearing a +0 ring mail (severely wounded, berserk, fast, unusually strong)
The magic dart hits Duvessa but does no damage.
Duvessa is severely wounded.
Duvessa hits you but does no damage.
Casting: Magic Dart (safe; 1% risk of failure)
Confirm with . or Enter, or press ? or * to list all spells.
Aiming: Magic Dart (safe; 1% risk of failure)
Press: ? - help, Shift-Dir - straight line, f/p - Duvessa
Aim: Duvessa, wielding a +0 short sword and wearing a +0 ring mail (severely wounded, berserk, fast, unusually strong)
The magic dart hits Duvessa.
Duvessa is severely wounded.
Duvessa closely misses you.
Duvessa hits you with a +0 short sword!!
You die...

......###...............#........
........#........................
..............................###
####.............................
...................##............
........#......###...............
........#.#...## #...............
........#.#...#####(.....>.......
................@e.<.............
......#..........................
......#.......#####..............
......##......(..................
......##.............###.........
......##.............# #........#
......##.............# #........#
......##.............# #......###
......##.............# #......##.


You could see Duvessa (berserk).

Vanquished Creatures
  An orc warrior (D:4)
  A phantom (D:4)
  Dowan (D:4)
  4 hounds (D:4)
  4 orc wizards
  Natasha (D:2)
  A worker ant (D:4)
  5 adders
  An ooze (D:4)
  An adder skeleton (D:4)
  5 worms
  3 dart slugs
  A leopard gecko (D:4)
  13 orcs
  9 giant cockroaches
  4 goblins
  5 hobgoblins
  2 jackals (D:4)
  6 kobolds (D:1)
  A ball python (D:3)
  7 bats
  6 frilled lizards
  4 rats
86 creatures vanquished.

Notes
Turn   | Place    | Note
-------+----------+-------------------------------------------
     0 | D:1      | Truthflux the Draconian Conjurer began the quest for the
                  | Orb.
     0 | D:1      | Reached XP level 1. HP: 14/14 MP: 3/3
   206 | D:1      | Reached XP level 2. HP: 16/20 MP: 0/5
   380 | D:1      | Found a shattered altar of Ashenzari.
   911 | D:1      | Reached XP level 3. HP: 26/26 MP: 4/6
  1249 | D:2      | Noticed Natasha
  1331 | D:1      | Learned a level 3 spell: Dazzling Spray
  1334 | D:1      | Learned a level 2 spell: Searing Ray
  1368 | D:2      | Killed Natasha
  1368 | D:2      | Reached skill level 5 in Conjurations
  1630 | D:3      | Noticed Terence
  1686 | D:3      | Reached XP level 4. HP: 33/33 MP: 5/7
  2153 | D:4      | Noticed Duvessa
  2289 | D:4      | Noticed a phantom
  2444 | D:4      | Killed a phantom
  2444 | D:4      | Reached XP level 5. HP: 20/38 MP: 0/9
  2540 | D:4      | Found an iron altar of Okawaru.
  2898 | D:3      | Reached skill level 1 in Staves
  3307 | D:3      | Reached XP level 6. HP: 45/45 MP: 3/11
  3509 | D:4      | Noticed an orc warrior
  4046 | D:4      | Found a staircase to the Ecumenical Temple.
  4064 | D:4      | Noticed Dowan
  4067 | Temple   | Entered the Ecumenical Temple
  4082 | Temple   | Became a worshipper of Vehumet
  4155 | D:5      | Entered Level 5 of the Dungeon
  4155 | D:5      | Noticed Pikel
  4155 | D:5      | Noticed a slave
  4155 | D:5      | Noticed a slave
  4155 | D:5      | Noticed a slave
  4170 | D:5      | Noticed Ijyb
  4172 | D:5      | Noticed Edmund
  4241 | D:4      | Reached skill level 6 in Conjurations
  4664 | D:4      | Killed Dowan
  4664 | D:4      | Your scales start taking on a fiery red colour.
  4664 | D:4      | Reached XP level 7. HP: 38/50 MP: 4/13
  4664 | D:4      | Gained mutation: Your flesh is heat resistant. (rF+) [Red
                  | Draconian growth]
  5292 | D:4      | Slain by Duvessa

Skill      XL: |  1  2  3  4  5  6 |
---------------+-------------------+-----
Dodging        | 2 3 |  3.4
Stealth        | 2 |  2.2
Conjurations   | 5 6 |  6.4
Spellcasting   | 3 4 |  4.6
Staves         | 1 |  1.7

Action                   |  1- 3 |  4- 6 |  7- 9 || total
-------------------------+-------+-------+-------++-------
Melee: Unarmed           |    14 |       |       ||    14
       Dagger            |     7 |       |       ||     7
       Staff             |       |    83 |     9 ||    92
       Tailslap          |       |     5 |     1 ||     6
 Cast: Magic Dart        |    77 |   166 |    25 ||   268
       Searing Ray       |       |     9 |     4 ||    13
       Dazzling Spray    |       |     2 |     1 ||     3
  Use: Scroll            |     3 |     3 |       ||     6
       Potion            |       |     2 |       ||     2
  Eat: Chunk             |     4 |    10 |     2 ||    16
Armor: Skin              |    16 |    66 |     9 ||    91
Dodge: Dodged            |    32 |   112 |    30 ||   174
